 Dungeon Crawl Stone Soup version 0.18-a0-1702-gd20c6a5 (webtiles) character file.

237 Nattravnen the Ruffian (level 5, -3/53 HPs)
             Began as a Troll Berserker on Apr 7, 2016.
             Was a Believer of Trog.
             Slain by an iguana (11 damage)
             ... on level 4 of the Dungeon.
             The game lasted 00:22:01 (2979 turns).

Nattravnen the Ruffian (Troll Berserker)            Turns: 2979, Time: 00:22:02

Health: -3/53      AC:  5    Str: 26      XL:     5   Next: 77%
Magic:  4/4        EV: 10    Int:  3      God:    Trog [**....]
Gold:   115        SH:  0    Dex:  6 (9)  Spells: 0 memorised, 4 levels left

rFire  . . .     SeeInvis .       - Unarmed
rCold  . . .     Gourm    +     a - +0 animal skin
rNeg   . . .     Faith    .     (no shield)
rPois  .         Spirit   .     (helmet restricted)
rElec  .         Dismiss  +     (no cloak)
rCorr  .         Reflect  .     (gloves unavailable)
SustAt .         Harm     .     (boots unavailable)
MR     .....     Rnd*Tele +     i - amulet of dismissal
Stlth  +.........               (no ring)
                                b - ring of teleportation

@: fainting, not resistant to hostile enchantments, very unstealthy
A: unfitting armour, claws 3, fast metabolism 3, gourmand, regeneration 2,
shaggy fur 1, tough skin 2
a: Berserk, Trog's Hand, Burn Spellbooks, Renounce Religion


You were on level 4 of the Dungeon.
You worshipped Trog.
Trog was pleased with you.
You were fainting.

You visited 1 branch of the dungeon, and saw 4 of its levels.

You collected 115 gold pieces.

Inventory:

Armour
 a - a +0 animal skin (worn)
 e - a cursed +0 ring mail
 h - a +0 pair of gloves
Jewellery
 b - a ring of teleportation (left claw)
 i - an amulet of dismissal (around neck)
Wands
 k - a wand of heal wounds (3/9)
 m - a wand of iceblast (3/15)
Scrolls
 c - 6 scrolls of remove curse
 d - 2 scrolls of noise
 f - a scroll of immolation
 l - 2 scrolls of enchant weapon
Potions
 g - a potion of curing
 j - a potion of cancellation {unknown}


   Skills:
 + Level 3.2 Fighting
 + Level 4.1 Dodging
 + Level 0.4 Stealth
 + Level 4.2 Unarmed Combat


You had 4 spell levels left.
You didn't know any spells.

Dungeon Overview and Level Annotations

Branches:
Dungeon (4/15)
 Temple: D:4-7

Altars:
Pakellas
Qazlal


Innate Abilities, Weirdness & Mutations

You are too large for most types of armour.
You have claws for hands.
Your metabolism is lightning-fast.
You like to eat raw meat.
You heal very quickly.
You are covered in fur (AC +1).
You have very tough skin (AC +2).


Message History

The orc wizard is heavily wounded.
The iguana bites you!
The orc wizard hits you but does no damage.
You closely miss the orc wizard.
The orc wizard is heavily wounded.
The iguana bites you!
* * * LOW HITPOINT WARNING * * *
The orc wizard barely misses you.
You closely miss the orc wizard. Your claw misses the orc wizard.
The orc wizard is heavily wounded.
The iguana barely misses you. The orc wizard misses you.
You barely miss the orc wizard.
The orc wizard is heavily wounded.
The iguana closely misses you.
The orc wizard points at you and mumbles some strange words.
The magic dart hits you!
* * * LOW HITPOINT WARNING * * *
You scratch the iguana but do no damage.
The iguana bites you!
You die...

## # .# .#
.##.## .....
# ###... #.#
##<#.## ..
#.....#
#.#.#.#.#...#
.......ol@..#
#.......###.#
......... .#
#.......## #
.....>...
#.......#
.........
#.#.#.#.#


You could see an iguana and an orc wizard.

Vanquished Creatures
  A crimson imp (D:3)
  An orc priest (D:3)
  2 orc wizards (D:3)
  A worker ant (D:3)
  3 adders
  2 oozes
  A worm (D:2)
  A dart slug (D:2)
  5 giant geckos
  5 orcs (D:3)
  A ball python (D:2)
  2 giant cockroaches
  8 goblins
  4 hobgoblins (D:1)
  2 jackals (D:3)
  A quokka (D:2)
  3 bats
  A giant newt (D:1)
  4 kobolds
  7 rats
55 creatures vanquished.

Notes
Turn   | Place    | Note
--------------------------------------------------------------
     0 | D:1      | Nattravnen the Troll Berserker began the quest for the Orb.
     0 | D:1      | Reached XP level 1. HP: 22/22 MP: 0/0
   132 | D:1      | Reached XP level 2. HP: 29/29 MP: 1/1
   657 | D:1      | Reached XP level 3. HP: 36/36 MP: 2/2
   945 | D:2      | Reached ** piety under Trog
  1829 | D:3      | Found a stormy altar of Qazlal.
  1835 | D:3      | Reached XP level 4. HP: 36/44 MP: 3/3
  1867 | D:3      | HP: 2/45 [something (4)]
  1991 | D:3      | Reached XP level 5. HP: 50/53 MP: 4/4
  2211 | D:3      | Found an oddly glowing altar of Pakellas.
  2499 | D:3      | Found an oddly glowing altar of Pakellas.
  2979 | D:4      | Slain by an iguana

Vault maps used:
D:1:      erik_arrival_gehennom
D:3:      nicolae_overflow_hidden_temple, old_standard_altar,
          kennysheep_flooded_box, minivault_27, corner_web_ring,
          grunt_pakellas_sulfur
D:4:      fedhas_altar_3, temple_fountains, minivault_1, st_stairs_4

Skill      XL: |  1  2  3  4  5 |
---------------+----------------+-----
Dodging        | 3 4 |  4.1
Unarmed Combat | 4 |  4.2
Fighting       | 3 |  3.2
Stealth        | |  0.4

Action                   |  1- 3 |  4- 6 || total
-------------------------+-------+-------++-------
Melee: Unarmed           |    94 |    81 ||   175
  Use: Potion            |     2 |     3 ||     5
       Scroll            |     3 |     3 ||     6
  Eat: Bread ration      |     3 |       ||     3
       Chunk             |     1 |     6 ||     7
       Pizza             |       |     1 ||     1
